Map: Thunderbird LE

Players

BillyRamone

  • Race: Terran Terran
  • League: Platinum
  • Spawn Location: 11:00

A.I. 1 (Very Easy) - Winner!

  • Race: Zerg Zerg
  • Spawn Location: 5:00

VOD

Have the link to the VOD?

Description

Time

  • Played on: July 12, 2019, 10:46 a.m.
  • Length: 4:07
Show
View Real Time Build Order
Export as new Build Order

BillyRamone Terran 

Build Orders: Gas First Reaper Expand 

Get SALT Encoding   

  12  0:00  SCV  
  13  0:12  SCV  
  14  0:17  Supply Depot  
  14  0:25  SCV  
  14  0:28  Refinery  
  15  0:39  SCV  
  16  0:45  Barracks  
  16  0:51  SCV  
  17  1:03  SCV  
  18  1:15  SCV  
  19  1:32  Reaper, Orbital Command  
  20  1:47  Command Center  
  20  1:56  Factory  
  20  1:59  SCV  
  21  2:05  Refinery  
  21  2:09  Barracks Reactor  
  21  2:13  SCV  
  22  2:19  Supply Depot  
  22  2:25  SCV  
  23  2:40  SCV  
  23  2:42  Starport  
  24  2:52  SCV  
  24  2:54  Barracks Reactor  
  25  3:03  Widow Mine x2  
  29  3:06  SCV  
  30  3:19  SCV  
  31  3:21  Orbital Command  
  31  3:31  SCV  
  32  3:34  Widow Mine  
  32  3:35  Widow Mine  
  40  3:43  SCV  
  40  3:47  SCV  
  45  4:03  Supply Depot  
Show
View Real Time Build Order
Export as new Build Order

A.I. 1 (Very Easy) Zerg - Winner!

Build Orders: Hatch First 

Get SALT Encoding   

  12  0:01  Drone  
  13  0:12  Overlord  
  13  0:16  Drone  
  14  0:41  Hatchery  
  13  0:45  Drone  
  14  1:04  Spawning Pool  
  14  1:05  Extractor  
  14  1:07  Drone  
  13  1:14  Drone  
  14  1:19  Overlord  
  14  1:51  Queen  
  14  1:52  Zergling x2  
  14  1:54  Zergling x2  
  18  1:59  Roach Warren  
  17  2:03  Drone  
  17  2:08  Extractor  
  17  2:11  Drone  
  18  2:16  Zergling x2  
  18  2:20  Drone  
  20  2:27  Drone  
  21  2:35  Drone  
  22  2:42  Drone  
  23  2:49  Drone  
  24  2:56  Drone  
  25  3:03  Drone  
  26  3:06  Roach  
  26  3:08  Overlord  
  26  3:12  Drone  
  29  3:19  Drone  
  30  3:26  Drone  
  31  3:34  Drone  
  32  3:41  Drone  
  33  3:43  Overlord  
  33  3:48  Drone  
Tags
 
Add a new tag
Caveats
  • Supply blocks, unpowered buildings, or Contaminate may cause inaccurate times.
  • Supply counts are checked every 10 seconds.